 Dungeon Crawl Stone Soup version 0.31.0-10-gcf4a605ca0 (webtiles) character file.

Game seed: 2400113535767210182

1750 groovy9 the Skirmisher (level 8, -5/48 HPs)
             Began as a Deep Elf Hunter on Jan 25, 2024.
             Was a Priest of Okawaru.
             Killed from afar by a steam dragon (15 damage)
             ... with a ball of steam
             ... on level 6 of the Dungeon.
             The game lasted 00:13:45 (4825 turns).

groovy9 the Skirmisher (Deep Elf Hunter)            Turns: 4825, Time: 00:13:45

Health: -5/48      AC:  5    Str:  8    XL:     8   Next: 78%
Magic:  10/10      EV: 13    Int: 15    God:    Okawaru [***...]
Gold:   246        SH:  0    Dex: 20    Spells: 7/7 levels left

rFire   . . .        u - +2 orcbow (freeze)
rCold   . . .        (shield currently unavailable)
rNeg    . . .        c - +0 leather armour
rPois   .            t - +0 helmet
rElec   .            (no cloak)
rCorr   .            i - +0 pair of gloves
SInv    .            (no boots)
Will    .....        n - amulet of magic regeneration
Stlth   ++           (no ring)
HPRegen 0.28/turn    (no ring)
MPRegen 0.52/turn

%: no passive effects
@: no status effects
A: no striking features
a: Renounce Religion, Heroism


You were on level 6 of the Dungeon.
You worshipped Okawaru.
Okawaru was most pleased with you.
You visited 2 branches of the dungeon, and saw 7 of its levels.
You also visited: Ossuary.

You collected 246 gold pieces.

Inventory:

Hand Weapons
 m - the +10 spear of Rotation {elec, rF+ MP+9}
   (You found it on level 3 of the Dungeon)

   rF+:       It protects you from fire.
   MP+9:      It affects your magic capacity (+9).
 u - a +2 orcbow of freezing (weapon)
Armour
 c - a +0 leather armour (worn)
 i - a +0 pair of gloves (worn)
 t - a +0 helmet (worn)
Jewellery
 n - an amulet of magic regeneration (around neck)
Wands
 o - a wand of paralysis (1)
Scrolls
 b - a scroll of butterflies
 e - 3 scrolls of teleportation
 k - a scroll of enchant armour
Potions
 d - a potion of enlightenment
 f - a potion of invisibility
 g - 2 potions of haste
 h - 2 potions of brilliance
 j - 2 potions of heal wounds
 l - 4 potions of curing
 p - a potion of lignification
 q - a potion of cancellation {unknown}
 r - a potion of magic
 s - a potion of mutation {unknown}


   Skills:
 + Level 3.6 Fighting
 + Level 14.1 Ranged Weapons
 + Level 3.1 Dodging
 + Level 2.4 Stealth


You had 7 spell levels left.
You didn't know any spells.
Your spell library contained the following spells:

 Spells                   Type           Power      Damage    Failure   Level
 Apportation              Tloc           0%         N/A       36%         1
 Jinxbite                 Hex            0%         N/A       52%         2
 Hailstorm                Conj/Ice       0%         3d5       75%         3
 Ignite Poison            Fire/Alch      0%         N/A       98%         4
 Sticky Flame             Fire/Alch      0%         2d4       98%         4
 Alistair's Intoxication  Alch           0%         N/A       100%        5
 Ignition                 Fire           0%         3d3       100%        8
 Summon Ice Beast         Ice/Summ       Unusable   N/A       N/A         3
 Sculpt Simulacrum        Ice/Alch       Unusable   N/A       N/A         6

Dungeon Overview and Level Annotations

Branches:
Dungeon (6/15)             Temple (1/1) D:4         Ossuary (visited)

Altars:
Ashenzari
Cheibriados
Dithmenos
Elyvilon
Fedhas
Gozag
Hepliaklqana
Kikubaaqudgha
Makhleb
Okawaru
Qazlal
Sif Muna
Trog
Uskayaw
Vehumet
Wu Jian
Xom
Zin
The Shining One


Message History

Fire: u) +2 orcbow (freeze)
Press: ? - help, Q - select action, (/) - cycle Shift-Dir - straight line, f/p - steam dragon
Aim: a steam dragon (moderately wounded, catching its breath, 67% to hit)
You shoot an arrow.
The arrow hits the steam dragon but does no damage.
The steam dragon is moderately wounded.
You are engulfed in a cloud of scalding steam.
* * * LOW HITPOINT WARNING * * *
The steam dragon barely misses you.
The steam dragon claws you but does no damage.
You feel much better.
You are engulfed in a cloud of scalding steam.
The steam dragon closely misses you.
The steam dragon claws you but does no damage.
Fire: u) +2 orcbow (freeze)
Press: ? - help, Q - select action, (/) - cycle Shift-Dir - straight line, f/p - steam dragon
Aim: a steam dragon (steam, moderately wounded, 67% to hit)
You shoot an arrow. The arrow hits the steam dragon.
The arrow freezes the steam dragon.
The steam dragon is moderately wounded.
You are engulfed in a cloud of scalding steam.
Fire: u) +2 orcbow (freeze)
Press: ? - help, Q - select action, (/) - cycle Shift-Dir - straight line, f/p - steam dragon
Aim: a steam dragon (moderately wounded, 67% to hit)
You shoot an arrow. The arrow hits the steam dragon.
The arrow freezes the steam dragon.
The steam dragon is heavily wounded.
The steam dragon bites you.
* * * LOW HITPOINT WARNING * * *
The steam dragon claws you.
* * * LOW HITPOINT WARNING * * *
Fire: u) +2 orcbow (freeze)
Press: ? - help, Q - select action, (/) - cycle Shift-Dir - straight line, f/p - steam dragon
Aim: a steam dragon (heavily wounded, 67% to hit)
You shoot an arrow. The arrow hits the steam dragon.
The arrow freezes the steam dragon.
The steam dragon is severely wounded.
The steam dragon breathes steam at you. The ball of steam hits you!
You die...

###############
#.............#
#####.###########.#
# ...#@# #..<....#
#.##.#D# #.#.#####
#......# #...#
####.#### #...#
#.......# #.#.###
#####...# #.....#
#..:# #..)#.###
#...#####)#<...#
#..†...)).#.##.#


You could see a steam dragon (catching breath).

Vanquished Creatures
  Grinder (D:4)
  A water moccasin (D:5)
  A black bear (D:6)
  An orc warrior (D:6)
  2 centaurs
  A phantom (D:5)
  An elf zombie (Ossuary)
  5 scorpions
  2 howler monkeys
  A centaur zombie (Ossuary)
  A bombardier beetle (D:4)
  2 hounds (D:4)
  2 orc priests (D:6)
  3 human zombies (Ossuary)
  2 iguanas
  5 hound zombies (Ossuary)
  2 mummies (Ossuary)
  Robin (D:1)
  8 adders
  A shadow imp (D:5)
  A white imp (D:5)
  4 adder zombies (Ossuary)
  4 dart slugs
  3 ribbon worms (D:2)
  4 orcs
  5 ball pythons
  6 bats
  3 endoplasms (D:4)
  5 giant cockroaches
  7 goblins
  8 hobgoblins
  6 jackals (D:2)
  3 quokkas
  3 frilled lizards
  6 gnoll zombies (Ossuary)
  6 jackal zombies (Ossuary)
  9 kobolds
  8 kobold zombies (Ossuary)
  3 orc zombies (Ossuary)
  2 rats (D:1)
139 creatures vanquished.

Notes
Turn   | Place    | Note
-------+----------+-------------------------------------------
     0 | D:1      | groovy9 the Deep Elf Hunter began the quest for the Orb.
     0 | D:1      | Reached XP level 1. HP: 12/12 MP: 3/3
    33 | D:1      | Reached XP level 2. HP: 16/16 MP: 4/4
    34 | D:1      | Reached skill level 6 in Ranged Weapons
   226 | D:1      | Reached XP level 3. HP: 20/20 MP: 5/5
   468 | D:2      | Noticed Robin
   480 | D:1      | Killed Robin
   481 | D:1      | Reached skill level 7 in Ranged Weapons
   600 | D:2      | Found a white marble altar of Elyvilon.
   628 | D:2      | Reached XP level 4. HP: 25/25 MP: 6/6
  1530 | D:3      | Reached skill level 8 in Ranged Weapons
  1597 | D:3      | Identified the +10 spear of Rotation {elec, rF+ MP+9}
  2175 | D:4      | Found a staircase to the Ecumenical Temple.
  2188 | Temple   | Entered the Ecumenical Temple
  2203 | Temple   | Became a worshipper of Warmaster Okawaru
  2236 | D:4      | Noticed Grinder
  2244 | D:4      | Paralysed by Grinder for 2 turns
  2251 | D:4      | Killed Grinder
  2251 | D:4      | Reached * piety under Okawaru
  2252 | D:4      | Reached skill level 9 in Ranged Weapons
  2252 | D:4      | Reached XP level 5. HP: 19/29 MP: 7/7
  2252 | D:4      | Reached XP level 6. HP: 22/34 MP: 8/8
  2336 | D:4      | Reached skill level 10 in Ranged Weapons
  2685 | D:4      | Reached skill level 11 in Ranged Weapons
  2685 | D:4      | Reached XP level 7. HP: 38/38 MP: 9/9
  2802 | D:4      | Reached ** piety under Okawaru
  3220 | D:5      | Entered Level 5 of the Dungeon
  3356 | D:5      | Found a sand-covered staircase.
  3364 | Ossuary  | Entered an ossuary
  3508 | Ossuary  | Reached skill level 12 in Ranged Weapons
  3895 | D:5      | Reached skill level 13 in Ranged Weapons
  3903 | D:5      | Reached XP level 8. HP: 28/43 MP: 10/10
  4654 | D:6      | Reached skill level 14 in Ranged Weapons
  4658 | D:6      | Reached *** piety under Okawaru
  4825 | D:6      | Killed from afar by a steam dragon

Illustrated notes

Levels and vault maps discovered:
D:1:      lightli_iron_boxes, layout_basic
D:2:      layout_basic, basic_altar, uniq_robin
D:3:      layout_basic, nicolae_eternal_life, minmay_statues_item
D:4:      layout_basic, minmay_temple_entry_mini_moons, uniq_grinder
D:5:      layout_loops_cross, nicolae_ossuary_entry_plus
D:6:      layout_basic, gammafunk_temple_overflow_claw, serial_rivers,
          chequers_serial_rivers_small_a, chequers_serial_rivers_large_a,
          chequers_serial_rivers_small_b, chequers_serial_rivers_micro_b,
          uniq_jeremiah
Temple:   hellmonk_temple_of_storms

Skill      XL: |  1  2  3  4  5  6  7  8 |
---------------+-------------------------+-----
Ranged Weapons | 6 7 9 11 13 14 | 14.1
Fighting       | 3 |  3.6
Dodging        | 3 |  3.1
Stealth        | 2 |  2.4

Action                     |  1- 3 |  4- 6 |  7- 9 || total
---------------------------+-------+-------+-------++-------
   Fire: Shortbow          |   114 |   115 |   189 ||   418
         Orcbow            |       |       |    28 ||    28
    Use: Scroll            |       |     8 |     9 ||    17
         Potion            |       |     1 |     1 ||     2
 Armour: Leather armour    |    35 |    19 |    55 ||   109
  Dodge: Dodged            |    36 |    18 |    51 ||   105
